 Dungeon Crawl Stone Soup version 0.18-a0-1273-g8ec5f8e (webtiles) character file.

308 Gagarin the Ducker (level 6, -1/47 HPs)
             Began as a Demonspawn Gladiator on Feb 7, 2016.
             Killed from afar by an orc wizard (5 damage)
             ... with a puff of frost
             ... on level 4 of the Dungeon.
             The game lasted 00:13:45 (3824 turns).

Gagarin the Ducker (Demonspawn Gladiator)           Turns: 3824, Time: 00:13:45

Health: -1/47      AC:  5    Str: 16      XL:     6   Next: 17%
Magic:  0/6        EV: 13    Int: 10      God:
Gold:   155        SH:  0    Dex: 11 (14) Spells: 0 memorised, 5 levels left

rFire  . . .     SeeInvis .     a - +0 long sword
rCold  . . .     Gourm    +     b - +0 leather armour
rNeg   . . .     Faith    .     (no shield)
rPois  +         Spirit   +     g - +2 hat
rElec  .         Dismiss  .     (no cloak)
rCorr  .         Reflect  .     (no gloves)
SustAt .         Harm     .     (no boots)
MR     .....                    p - amulet of the gourmand
Stlth  +.........               (no ring)
                                m - ring of poison resistance

@: not resistant to hostile enchantments, very unstealthy
A: talons 1, magic shield, sturdy frame 1
a: no special abilities


You were on level 4 of the Dungeon.
You were completely stuffed.

You visited 1 branch of the dungeon, and saw 4 of its levels.

You collected 155 gold pieces.

Inventory:

Hand Weapons
 a - a +0 long sword (weapon)
 t - a +1 hunting sling of flaming
 u - a cursed -1 dagger
 v - a +1 dagger of venom
 y - a +2 whip of draining
 D - a +0 long sword
Missiles
 d - 3 throwing nets (quivered)
Armour
 b - a +0 leather armour (worn)
 c - a +1 helmet
 g - a +2 hat (worn)
 l - a +0 helmet
Jewellery
 m - a ring of poison resistance (left hand)
 p - an amulet of the gourmand (around neck)
Scrolls
 h - 3 scrolls of enchant armour
 k - 3 scrolls of identify {unknown}
 o - a scroll of magic mapping {unknown}
 r - 2 scrolls of teleportation {unknown}
 s - 8 scrolls of remove curse
Potions
 e - a potion of flight {unknown}
 n - a potion of berserk rage {unknown}
 q - 2 potions of invisibility {unknown}
 w - 2 potions of curing {unknown}
 z - a potion of lignification {unknown}
 A - a potion of cancellation {unknown}
 B - 2 potions of heal wounds {unknown}
Books
 E - a book of the Warp

   Spells                             Type                      Level
   a - Recall                         Summoning/Translocation      3
   b - Gell's Gravitas                Hexes/Translocation          3
   c - Force Lance                    Conjuration/Translocation    4
   d - Phase Shift                    Translocation                5
   e - Warp Weapon                    Charms/Translocation         5
   f - Summon Forest                  Summoning/Translocation      5
Comestibles
 f - 3 bread rations
 i - a slice of pizza
 j - 2 meat rations
 x - a chunk of flesh
 C - a beef jerky


   Skills:
 + Level 3.1 Fighting
 + Level 3.7 Long Blades
 + Level 1.9 Throwing
 + Level 2.3 Armour
 + Level 4.4 Dodging


You had 5 spell levels left.
You didn't know any spells.

Dungeon Overview and Level Annotations

Branches:
Dungeon (4/15)
 Temple: D:4-7

Altars:
Gozag


Innate Abilities, Weirdness & Mutations

You have sharp toenails.
When hurt, damage is shared between your health and your magic reserves.
Your movements are slightly less encumbered by armour (ER -2).


Message History

* * * LOW HITPOINT WARNING * * *
Drink which item? (? for menu, Esc to quit)
Okay, then.
Something hits you but does no damage.
A magic dart appears from out of thin air!
The magic dart hits you!
A puff of frost appears from out of thin air!
The puff of frost hits you!
* * * LOW HITPOINT WARNING * * *
A puff of frost appears from out of thin air!
The puff of frost misses you.
A puff of flame appears from out of thin air!
The puff of flame misses you.
There is an open door here.
You close the door.
Something unseen opens the door.
Something barely misses you.
You hear some strange, mumbled words.
A puff of frost appears from out of thin air!
The puff of frost hits you!
You die...

#.<....#..#.......#
##.##.##..#.......######
##.##.##..#####........#
...........# #........#
...........# #........#
...........# #........#
#'######'######...{o...#
..................##'###
................@.#...#
..................#...#
..................#...#
.......#+##.......#...#
...#+### #########...#
...# #...# ...# ##...#
#....# #).).#


You could see an orc.

Vanquished Creatures
  A centaur (D:3)
  A scorpion (D:4)
  A quasit (D:3)
  The ghost of Duffy the Firebug, a weakling DEFE (D:4)
  4 adders
  An adder skeleton (D:4)
  A worm (D:2)
  2 giant geckos
  4 orcs
  A ball python (D:2)
  3 giant cockroaches
  10 goblins
  6 hobgoblins
  10 jackals
  9 kobolds
  5 quokkas (D:2)
  11 bats
  7 giant newts
  A quokka skeleton (D:4)
  4 rats
83 creatures vanquished.

Vanquished Creatures (others)
  An orc (D:4)
1 creature vanquished.

Grand Total: 84 creatures vanquished

Notes
Turn   | Place    | Note
--------------------------------------------------------------
     0 | D:1      | Gagarin the Demonspawn Gladiator began the quest for the Orb.
     0 | D:1      | Reached XP level 1. HP: 16/16 MP: 1/1
   121 | D:1      | Reached skill level 3 in Long Blades
   238 | D:1      | Gained mutation: You have sharp toenails. [demonic ancestry]
   238 | D:1      | Reached XP level 2. HP: 22/22 MP: 2/2
   842 | D:2      | Reached XP level 3. HP: 25/28 MP: 3/3
  1141 | D:2      | Found an opulent altar of Gozag.
  1363 | D:2      | Reached skill level 1 in Armour
  1363 | D:2      | Reached XP level 4. HP: 34/34 MP: 4/4
  2150 | D:3      | Noticed a centaur
  2164 | D:3      | Killed a centaur
  2164 | D:3      | Reached skill level 4 in Dodging
  2164 | D:3      | Gained mutation: When hurt, damage is shared between your health and your magic reserves. [demonic ancestry]
  2164 | D:3      | Reached XP level 5. HP: 11/40 MP: 5/5
  3315 | D:4      | Noticed Duffy's ghost (weakling DEFE)
  3333 | D:4      | Gained mutation: Your movements are slightly less encumbered by armour (ER -2). [demonic ancestry]
  3333 | D:4      | Reached XP level 6. HP: 27/47 MP: 2/6
  3470 | D:4      | Killed Duffy's ghost
  3824 | D:4      | Killed from afar by an orc wizard

Vault maps used:
D:1:      dpeg_arrival_arbitrary_a
D:2:      nicolae_gozag_seed_capital
D:3:      first_bread

Action                   |  1- 3 |  4- 6 || total
-------------------------+-------+-------++-------
Melee: Long sword        |   129 |   206 ||   335
Throw: Throwing net      |     4 |     3 ||     7
  Use: Scroll            |       |     2 ||     2
 Stab: Held in net/web   |     1 |       ||     1
  Eat: Chunk             |     7 |    15 ||    22
